 Dungeon Crawl Stone Soup version 0.21.1-1-g345015f (webtiles) character file.

275 iamserjio the Covert (level 6, -4/50 HPs)
             Began as a Gnoll Assassin on June 23, 2018.
             Was an Initiate of Cheibriados.
             Slain by Exporg's ghost (6 damage)
             ... on level 5 of the Dungeon.
             The game lasted 00:12:21 (999 turns).

iamserjio the Covert (Gnoll Assassin)                Turns: 999, Time: 00:12:22

Health: -4/50      AC:  5    Str: 15    XL:     6   Next: 24%
Magic:  8/8        EV: 13    Int: 16    God:    Cheibriados [......]
Gold:   101        SH:  0    Dex: 17    Spells: 3/8 levels left

rFire    . . .     SeeInvis .   a - +2 dagger
rCold    . . .     Gourm    .   (no shield)
rNeg     . . .     Faith    .   v - +0 leather armour
rPois    .         Spirit   .   (no helmet)
rElec    .         Reflect  .   d - +0 cloak
rCorr    .         Harm     .   (no gloves)
MR       .....                  m - +0 pair of boots (curse)
Stlth    ++++......             (no amulet)
HPRegen  0.16/turn              i - ring of wizardry
MPRegen  0.11/turn              (no ring)

@: very slow
A: distributed training, fangs 1, strong nose
a: Bend Time, Renounce Religion


You were on level 5 of the Dungeon.
You worshipped Cheibriados.
Cheibriados was noncommittal.
You were hungry.

You visited 2 branches of the dungeon, and saw 6 of its levels.

You collected 101 gold pieces.

Inventory:

Hand Weapons
 a - a +2 dagger (weapon)
 b - a +0 blowgun
 j - a +0 short sword
 u - a +0 falchion
Missiles
 e - 8 poisoned needles
 f - 2 curare-tipped needles {!f}
Armour
 c - a +0 robe
 d - a +0 cloak (worn)
 m - a cursed +0 pair of boots (worn)
 v - a +0 leather armour (worn)
Jewellery
 i - a ring of wizardry (left hand)
Wands
 p - a wand of flame (16)
Scrolls
 h - a scroll of immolation
 l - a scroll of amnesia
Potions
 k - a potion of curing {@q1}
 n - 2 potions of brilliance
Books
 q - a book of Minor Magic

   Spells                             Type                      Level
   a - Magic Dart                     Conjuration                  1
   b - Blink                          Translocation                2
   c - Call Imp                       Summoning                    2
   d - Slow                           Hexes                        2
   e - Conjure Flame                  Conjuration/Fire             3
   f - Mephitic Cloud                 Conjuration/Poison/Air       3
Comestibles
 g - 2 rations


   Skills:
 + Level 4.9 Fighting
 + Level 4.9 Short Blades
 + Level 1.8 Long Blades
 + Level 1.8 Axes
 + Level 1.8 Maces & Flails
 + Level 1.8 Polearms
 + Level 1.8 Staves
 + Level 1.8 Slings
 + Level 1.8 Bows
 + Level 1.8 Crossbows
 + Level 4.9 Throwing
 + Level 1.8 Armour
 + Level 3.1 Dodging
 + Level 8.0 Stealth
 + Level 1.8 Shields
 + Level 1.8 Unarmed Combat
 + Level 1.8 Spellcasting
 + Level 1.4 Conjurations
 + Level 1.4 Hexes
 + Level 1.4 Charms
 + Level 1.4 Summonings
 + Level 1.4 Necromancy
 + Level 1.4 Translocations
 + Level 1.4 Transmutations
 + Level 1.4 Fire Magic
 + Level 1.4 Ice Magic
 + Level 1.4 Air Magic
 + Level 1.4 Earth Magic
 + Level 1.4 Poison Magic
 + Level 2.0 Invocations
 + Level 1.8 Evocations


You had 3 spell levels left.
You knew the following spells:

 Your Spells              Type           Power        Failure   Level  Hunger
a - Blink                 Tloc           N/A          9%          2    ###....
b - Mephitic Cloud        Conj/Pois/Air  #.......     17%         3    ####...


Dungeon Overview and Level Annotations

Branches:
Dungeon (5/15)             Temple (1/1) D:5

Altars:
Ashenzari
Cheibriados
Dithmenos
Elyvilon
Fedhas
Gozag
Hepliaklqana
Kikubaaqudgha
Makhleb
Nemelex Xobeh
Okawaru
Qazlal
Ru
Sif Muna
Trog
Vehumet
Wu Jian
Xom
Yredelemnul
Zin
The Shining One

Annotations:
D:5 Exporg's ghost, novice MiGl


Innate Abilities, Weirdness & Mutations

Your experience applies equally to all skills.
You have very sharp teeth.
Your uncanny sense of smell can sniff out nearby items.


Message History

The adder misses you. Exporg's ghost hits you.
* * * LOW HITPOINT WARNING * * *
You closely miss the adder.
You kill the adder!
Cheibriados thoroughly appreciates the change of pace.
The sky beast misses you.
Exporg's ghost hits you but does no damage.
Okay, then.
Okay, then.
Okay, then.
Wear which item? (? for menu, Esc to quit)
Okay, then.
Okay, then.
Okay, then.
The sky beast flickers out of sight!
Deactivating autopickup; reactivate with Ctrl-A.
Exporg's ghost hits you.
* * * LOW HITPOINT WARNING * * *
Exporg's ghost hits you.
You die...

,..............###.......#.#
..#....###.....#.#.......#.#
###.l..###.....#.#.#.).#.#.#
*,,,,......#.#.#.......#.#
*,,,,..........#.......#.#
*,,,,..........#.#...#.#.######
*****####......#.......#.......
#########W.#...>...#######.
#.......##@######### #.
#.......##.###.# #.# #.
#...........##.# #.# #.
#...........##.# #.# #.
#...........##.# #.# #.
##..........##.# #.# #.
#...........#.# #.# #.
#.........#.#.###.## #.
####......#........# #.


You could see Exporg's ghost.

Vanquished Creatures
  A sky beast (D:5)
  A bullfrog zombie (D:5)
  An orc wizard (D:4)
  A worker ant (D:4)
  A hound skeleton (D:4)
  3 adders
  An ooze (D:1)
  2 worms
  2 leopard geckos (D:4)
  6 orcs
  A giant cockroach (D:1)
  4 hobgoblins (D:1)
  10 jackals
  3 quokkas
  A frilled lizard (D:1)
  A giant cockroach zombie (D:4)
  2 kobolds (D:1)
  2 rats
43 creatures vanquished.

Notes
Turn   | Place    | Note
-------+----------+-------------------------------------------
     0 | D:1      | iamserjio the Gnoll Assassin began the quest for the Orb.
     0 | D:1      | Reached XP level 1. HP: 20/20 MP: 1/1
    59 | D:1      | Reached XP level 2. HP: 26/26 MP: 2/2
   198 | D:2      | Reached XP level 3. HP: 23/31 MP: 3/3
   445 | D:5      | Entered Level 5 of the Dungeon
   454 | D:4      | Reached skill level 1 in Invocations
   497 | D:4      | Reached skill level 1 in Long Blades
   497 | D:4      | Reached skill level 1 in Axes
   497 | D:4      | Reached skill level 1 in Maces & Flails
   497 | D:4      | Reached skill level 1 in Polearms
   497 | D:4      | Reached skill level 1 in Staves
   497 | D:4      | Reached skill level 1 in Slings
   497 | D:4      | Reached skill level 1 in Bows
   497 | D:4      | Reached skill level 1 in Crossbows
   497 | D:4      | Reached skill level 1 in Armour
   497 | D:4      | Reached skill level 1 in Shields
   497 | D:4      | Reached skill level 1 in Unarmed Combat
   497 | D:4      | Reached skill level 1 in Spellcasting
   497 | D:4      | Reached skill level 1 in Evocations
   497 | D:4      | Reached XP level 4. HP: 17/38 MP: 5/5
   616 | D:4      | Learned a level 2 spell: Blink
   620 | D:4      | Learned a level 3 spell: Mephitic Cloud
   641 | D:4      | Reached skill level 1 in Conjurations
   641 | D:4      | Reached skill level 1 in Hexes
   641 | D:4      | Reached skill level 1 in Charms
   641 | D:4      | Reached skill level 1 in Summonings
   641 | D:4      | Reached skill level 1 in Necromancy
   641 | D:4      | Reached skill level 1 in Translocations
   641 | D:4      | Reached skill level 1 in Transmutations
   641 | D:4      | Reached skill level 1 in Fire Magic
   641 | D:4      | Reached skill level 1 in Ice Magic
   641 | D:4      | Reached skill level 1 in Air Magic
   641 | D:4      | Reached skill level 1 in Earth Magic
   641 | D:4      | Reached skill level 1 in Poison Magic
   678 | D:4      | Reached XP level 5. HP: 14/43 MP: 6/6
   803 | D:5      | Found a staircase to the Ecumenical Temple.
   813 | Temple   | Entered the Ecumenical Temple
   854 | Temple   | Became a worshipper of Cheibriados the Contemplative
   923 | D:5      | Noticed a sky beast
   939 | D:5      | Noticed a sky beast
   940 | D:5      | Killed a sky beast
   940 | D:5      | Reached skill level 8 in Stealth
   940 | D:5      | Reached XP level 6. HP: 28/50 MP: 8/8
   987 | D:5      | Noticed Exporg's ghost (novice MiGl)
   994 | D:5      | HP: 1/50 [Exporg's ghost (9)]
   999 | D:5      | Slain by Exporg's ghost

Skill      XL: |  1  2  3  4  5 |
---------------+----------------+-----
Invocations    | 1 2 |  2.0
Long Blades    | 1 |  1.8
Axes           | 1 |  1.8
Maces & Flails | 1 |  1.8
Polearms       | 1 |  1.8
Staves         | 1 |  1.8
Slings         | 1 |  1.8
Bows           | 1 |  1.8
Crossbows      | 1 |  1.8
Armour         | 1 |  1.8
Shields        | 1 |  1.8
Unarmed Combat | 1 |  1.8
Spellcasting   | 1 |  1.8
Evocations     | 1 |  1.8
Conjurations   | 1 |  1.4
Hexes          | 1 |  1.4
Charms         | 1 |  1.4
Summonings     | 1 |  1.4
Necromancy     | 1 |  1.4
Translocations | 1 |  1.4
Transmutations | 1 |  1.4
Fire Magic     | 1 |  1.4
Ice Magic      | 1 |  1.4
Air Magic      | 1 |  1.4
Earth Magic    | 1 |  1.4
Poison Magic   | 1 |  1.4
Dodging        | 3 |  3.1
Stealth        | 8 |  8.0
Fighting       | |  4.9
Short Blades   | |  4.9
Throwing       | |  4.9

Action                   |  1- 3 |  4- 6 || total
-------------------------+-------+-------++-------
Melee: Dagger            |    81 |    84 ||   165
       Bite              |    12 |     6 ||    18
       Punch             |       |     5 ||     5
 Fire: Blowgun           |     6 |       ||     6
 Cast: Mephitic Cloud    |       |     2 ||     2
Evoke: Wand              |     1 |    15 ||    16
  Use: Scroll            |       |     6 ||     6
       Potion            |       |     2 ||     2
 Stab: Sleeping          |     5 |     3 ||     8
       Paralysed         |     1 |     3 ||     4
Armor: Robe              |    16 |    11 ||    27
       Leather armour    |       |    22 ||    22
Dodge: Dodged            |    30 |    53 ||    83
